 Dungeon Crawl Stone Soup version 0.31-a0-239-g0a1456f148 (webtiles) character file.

Game seed: 3907041267761914016

35 qw the Shooter (level 3, -4/21 HPs)
             Began as a Gargoyle Hexslinger on July 11, 2023.
             Slain by a gnoll
             ... wielding a +0 flail
              (10 damage)
             ... on level 2 of the Dungeon.
             The game lasted 00:00:21 (950 turns).

qw the Shooter (Gargoyle Hexslinger)                 Turns: 950, Time: 00:00:21

Health: -4/21      AC:  8    Str: 11    XL:     3   Next: 33%
Magic:  4/4        EV: 10    Int: 13    God:
Gold:   29         SH:  0    Dex: 14    Spells: 3/4 levels left

rFire   . . .        Y - +1 sling
rCold   + . .        (no shield)
rNeg    + . .        g - +0 ring mail
rPois   inf          (no helmet)
rElec   +            (no cloak)
rCorr   .            (no gloves)
SInv    .            (no boots)
Will    .....        (no amulet)
Stlth   +            i - ring of protection from cold
HPRegen 0.23/turn    (no ring)
MPRegen 0.09/turn

%: no passive effects
@: no status effects
A: sickness immunity, AC +3, negative energy resistance 1, electricity
resistance, torment resistance 1, petrification resistance
a: no special abilities


You were on level 2 of the Dungeon.
You visited 1 branch of the dungeon, and saw 2 of its levels.

You collected 47 gold pieces.
You spent 18 gold pieces at shops.


Innate Abilities, Weirdness & Mutations

You are immune to sickness and miasma.
Your stone body is resilient. (AC +3)
You are immune to poison.
You resist negative energy. (rN+)
You are resistant to electric shocks. (rElec)
You are resistant to unholy torment.
You are immune to petrification.


   Skills:
 - Level 2.0 Fighting
 + Level 3.3 Ranged Weapons
 - Level 1.5 Dodging
 - Level 1.0 Spellcasting
 - Level 2.6 Hexes


You had 3 spell levels left.
You knew the following spells:

 Your Spells              Type           Power      Damage    Failure   Level
a - Slow                  Hex            28%        N/A       22%         1

Your spell library contained the following spells:

 Spells                   Type           Power      Damage    Failure   Level
 Inner Flame              Hex/Fire       4%         N/A       75%         3
 Portal Projectile        Hex/Tloc       8%         N/A       75%         3
 Cause Fear               Hex            3%         N/A       92%         4

Inventory:

Hand Weapons
 Y - a +1 sling (weapon)
Armour
 g - a +0 ring mail (worn)
Jewellery
 i - a ring of protection from cold (left hand)

Dungeon Overview and Level Annotations

Branches:
Dungeon (2/15)

Altars:

Shops:
D:1 *


Message History

There is a stone staircase leading up here.
A gnoll comes into view. It is wielding a +0 halberd.
The gnoll shouts!
You hear a shout!
You hear an angry hiss.
You hear a shout!
You shoot a sling bullet. The sling bullet hits the gnoll!
The gnoll is heavily wounded.
A gnoll comes into view. It is wielding a +0 flail.
The gnoll hits you from afar with a +0 halberd!
The gnoll barely misses you.
You shoot a sling bullet. The sling bullet hits the gnoll.
The gnoll is severely wounded.
You hear a shout!
A gnoll comes into view. It is wielding a +0 whip.
The gnoll closely misses you.
You hear an angry hiss.
You shoot a sling bullet.
The sling bullet barely misses the gnoll. x2
You shoot a sling bullet. The sling bullet hits the gnoll.
The gnoll is lightly wounded.
You shoot a sling bullet.
The sling bullet closely misses the gnoll. x2
The gnoll closely misses you. x2; The gnoll barely misses you.
You shoot a sling bullet.
The sling bullet closely misses the gnoll.
The sling bullet hits the gnoll!
You kill the gnoll!
The gnoll completely misses you. The gnoll hits you but does no damage.
The gnoll hits you with a +0 whip. The gnoll hits you with a +0 flail!
You shoot a sling bullet.
The sling bullet hits the gnoll but does no damage.
The gnoll is lightly wounded.
The gnoll misses you. The gnoll closely misses you.
A ball python comes into view.
You shoot a sling bullet.
The sling bullet closely misses the gnoll.
The gnoll barely misses you. The gnoll hits you but does no damage.
You shoot a sling bullet.
The sling bullet completely misses the gnoll.
The sling bullet closely misses the ball python.
The gnoll hits you with a +0 whip. The gnoll hits you with a +0 flail!
You die...

#.... #.#.# #.#..# #
#.#.# .#..## #. #.#.#
###...... #.
#.#.#.......... ####..
#.#.#.# #.#..#
..$..)##.#..#.##....#
##.Sg#.#.###.#.#..#
#...g@..<.....# #<####
#........###...## ##...#
.#...........#..###.##.#
#.......#####...#.## #
##.....## #..)..#
##..... ..(.....##
......##...###..#
###........ ....# ####
####.#


You could see 2 gnolls and a ball python.

Vanquished Creatures
  A gnoll (D:2)
  2 dart slugs (D:1)
  2 ball pythons (D:1)
  6 bats (D:1)
  2 giant cockroaches (D:1)
  2 hobgoblins (D:1)
  2 goblins (D:1)
  2 kobolds
  2 rats (D:1)
21 creatures vanquished.

Notes
Turn   | Place    | Note
-------+----------+-------------------------------------------
     0 | D:1      | qw the Gargoyle Hexslinger began the quest for the Orb.
     0 | D:1      | Reached XP level 1. HP: 12/12 MP: 2/2
     0 | D:1      | 0 ||| qw: Version: 0.3-a-52-g30416fa
     0 | D:1      | 0 ||| qw: Game counter: 5916
     0 | D:1      | 0 ||| qw: Melee chars always use a shield: true
     0 | D:1      | 0 ||| qw: God list: Okawaru
     0 | D:1      | 0 ||| qw: Allow faded altars: false
     0 | D:1      | 0 ||| qw: Do Orc after clearing Dungeon:15 true
     0 | D:1      | 0 ||| qw: Do second Lair branch before Depths: true
     0 | D:1      | 0 ||| qw: Lair rune preference: random
     0 | D:1      | 0 ||| qw: Goals: Normal
     0 | D:1      | 0 ||| PLANNING D:1-11
   116 | D:1      | Reached XP level 2. HP: 16/16 MP: 3/3
   184 | D:1      | 184 ||| FLEEEEING.
   185 | D:1      | 185 ||| FLEEEEING.
   186 | D:1      | 186 ||| FLEEEEING.
   199 | D:1      | 199 ||| FLEEEEING.
   206 | D:1      | Reached skill level 3 in Ranged Weapons
   302 | D:1      | Found Jifuce's Assorted Antiques.
   308 | D:1      | 308 ||| BUYING bubbling grey potion (18 gold).
   308 | D:1      | Bought a bubbling grey potion for 18 gold pieces
   308 | D:1      | 308 ||| SHOPLISTING ruby potion (18 gold, have 8).
   308 | D:1      | 308 ||| SHOPLISTING scroll labelled MEENEDWYTEU (20 gold,
                  | have 8).
   308 | D:1      | 308 ||| SHOPLISTING scroll labelled TOVOKI VILIORO (20
                  | gold, have 8).
   670 | D:1      | Reached XP level 3. HP: 21/21 MP: 4/4
   810 | D:1      | 810 ||| UPGRADING to +0 ring mail.
   820 | D:1      | 820 ||| DROPPING +0 robe.
   821 | D:1      | 821 ||| UPGRADING to ring of protection from cold.
   822 | D:1      | 822 ||| READING 2 scrolls labelled XEOMONEDUK.
   823 | D:1      | 823 ||| READING scroll labelled UPOSKIWKOBB.
   824 | D:1      | 824 ||| DRINKING 2 bubbling grey potions.
   825 | D:1      | 825 ||| DRINKING 2 smoky orange potions.
   855 | D:1      | 855 ||| DROPPING scroll of amnesia.
   856 | D:1      | 856 ||| DROPPING scroll of poison.
   857 | D:1      | 857 ||| DROPPING potion of brilliance.
   858 | D:1      | 858 ||| DROPPING potion of lignification.
   950 | D:2      | Slain by a gnoll

Levels and vault maps discovered:
D:1:      dpeg_arrival_arbitrary_a, layout_loops_ring, serial_shops,
          nicolae_diamond_shop
D:2:      minmay_chambers_of_ones, layout_loops_ring

Skill      XL: |  1  2  3 |
---------------+----------+-----
Ranged Weapons | 3 |  3.3
Fighting       | 2 |  2.0
Dodging        | |  1.5
Spellcasting   | |  1.0
Hexes          | |  2.6

Action                     || total
---------------------------++-------
   Fire: Sling             ||    70
    Use: Scroll            ||     2
         Potion            ||     2
 Armour: Robe              ||    13
         Ring mail         ||     2
  Dodge: Dodged            ||    34

Table legend:
 A = Non-vault XP
 B = Vault XP
 C = Vault XP percentage of total XP
 D = Non-vault monster count
 E = Vault monster count
 F = Vault count percentage of total count
                 A         B        C        D         E       F
            +---------+---------+-------+---------+---------+-------
      Total |      50 |       0 |   0.0 |      21 |       0 |   0.0
            +---------+---------+-------+---------+---------+-------
        D:1 |      34 |       0 |   0.0 |      19 |       0 |   0.0
        D:2 |      16 |       0 |   0.0 |       2 |       0 |   0.0
            +---------+---------+-------+---------+---------+-------
